 Dungeon Crawl Stone Soup version 0.18.1-50-g88ac8fd (webtiles) character file.

136 ololoev the Vexing (level 4, -1/24 HPs)
             Began as a Deep Elf Enchanter on Oct 26, 2016.
             Slain by a gnoll (3 damage)
             ... on level 4 of the Dungeon.
             The game lasted 00:06:33 (707 turns).

ololoev the Vexing (Deep Elf Enchanter)              Turns: 707, Time: 00:06:34

Health: -1/24      AC:  4    Str:  5    XL:     4   Next: 98%
Magic:  1/12       EV: 13    Int: 21    God:
Gold:   132        SH:  0    Dex: 15    Spells: 4 memorised, 3 levels left

rFire  . . .     SeeInvis .     b - +2 short sword (freeze)
rCold  . . .     Gourm    .     e - +1 robe
rNeg   . . .     Faith    .     (no shield)
rPois  .         Spirit   .     (no helmet)
rElec  .         Dismiss  .     (no cloak)
rCorr  .         Reflect  .     m - +0 pair of gloves
SustAt .         Harm     .     (no boots)
MR     .....                    (no amulet)
Stlth  +++.......               (no ring)
                                (no ring)

@: not resistant to hostile enchantments, fairly stealthy
A: no striking features
a: no special abilities

Inventory:

Hand Weapons
 a - a +1 dagger
 b - a +2 short sword of freezing (weapon)
Armour
 e - a +1 robe (worn)
 m - a +0 pair of gloves (worn)
Scrolls
 f - 2 scrolls of remove curse {unknown}
 h - a scroll of fog {unknown}
 i - a scroll of noise {unknown}
 j - 2 scrolls of fear {unknown}
 n - 2 scrolls of teleportation {unknown}
Potions
 k - a potion of might {unknown}
 l - a potion of agility {unknown}
 o - a potion of degeneration {unknown}
 q - a potion of cancellation {unknown}
 r - a potion of cure mutation {unknown}
Books
 c - a book of Maledictions

   Spells                             Type                      Level
   a - Corona                         Hexes                        1
   b - Ensorcelled Hibernation        Hexes/Ice                    2
   c - Confuse                        Hexes                        3
   d - Tukima's Dance                 Hexes                        3
   e - Dazzling Spray                 Conjuration/Hexes            3
Comestibles
 d - a bread ration
 g - a meat ration
 p - 4 fruits


   Skills:
 * Level 2.3 Short Blades
 + Level 3.0 Dodging
 + Level 4.1 Stealth
 * Level 4.5 Spellcasting
 * Level 4.7 Hexes
 + Level 1.3 Ice Magic


You had 3 spell levels left.
You knew the following spells:

 Your Spells              Type           Power        Failure   Level  Hunger
a - Corona                Hex            ###....      1%          1    None
b - Ensorcelled Hibernat  Hex/Ice        ###...       6%          2    #......
c - Confuse               Hex            ###.....     6%          3    ##.....
d - Dazzling Spray        Conj/Hex       ##....       14%         3    ##.....


You were on level 4 of the Dungeon.
You were not hungry.

You visited 1 branch of the dungeon, and saw 4 of its levels.

You collected 132 gold pieces.

#.........## ..#
.###.........# ...#
.............## #...#
#............#
#...#####..........#
#....##...........##
#..gg..............##
#...g.............#
#@..............#
####.....####..##
####### ##<# .# #. #.
##

Notes
Turn   | Place    | Note
--------------------------------------------------------------
     0 | D:1      | ololoev the Deep Elf Enchanter began the quest for the Orb.
     0 | D:1      | Reached XP level 1. HP: 10/10 MP: 6/6
   163 | D:2      | Reached XP level 2. HP: 5/15 MP: 8/8
   170 | D:2      | Learned a level 2 spell: Ensorcelled Hibernation
   301 | D:2      | Reached XP level 3. HP: 2/19 MP: 0/10
   474 | D:3      | You fall through a shaft!
   502 | D:4      | Found a sacrificial altar of Ru.
   510 | D:4      | Reached skill level 1 in Ice Magic
   510 | D:4      | Reached XP level 4. HP: 13/24 MP: 8/12
   662 | D:4      | Learned a level 3 spell: Confuse
   666 | D:4      | Learned a level 3 spell: Dazzling Spray
   707 | D:4      | Slain by a gnoll

Dungeon Overview and Level Annotations

Branches:
Dungeon (4/15)
 Temple: D:4-7

Altars:
Ru


Message History

Confirm with . or Enter, or press ? or * to list all spells.
Aiming: Ensorcelled Hibernation
Press: ? - help, Shift-Dir - straight line, f - jackal
Aim: a jackal (chance to defeat MR: 82%)
The jackal looks drowsy...
The helpless jackal fails to defend itself.
You puncture the jackal! You freeze the jackal.
You kill the jackal!
Casting: Ensorcelled Hibernation
Confirm with . or Enter, or press ? or * to list all spells.
Aiming: Ensorcelled Hibernation
Press: ? - help, Shift-Dir - straight line, f - jackal
Aim: a jackal (chance to defeat MR: 82%)
The jackal resists with significant effort.
The jackal closely misses you. The jackal misses you.
You hit the jackal. You freeze the jackal.
The jackal is severely wounded.
The jackal closely misses you.
You barely miss the jackal.
The jackal is severely wounded.
The jackal bites you but does no damage.
The jackal barely misses you.
You hit the jackal. You freeze the jackal.
You kill the jackal!
Memorise Confuse, consuming 3 spell levels and leaving 6?
You start memorising the spell.
You continue memorising. x3
You finish memorising.
Spell assigned to 'c'.
Memorise Dazzling Spray, consuming 3 spell levels and leaving 3?
You start memorising the spell.
You continue memorising. x3
You finish memorising.
Spell assigned to 'd'.
The jackal barks!
You hit the jackal but do no damage. The jackal closely misses you.
You closely miss the jackal.
The jackal bites you but does no damage. x2
You hit the jackal. You freeze the jackal.
The jackal is severely wounded.
The jackal barely misses you.
You hit the jackal but do no damage.
The jackal is severely wounded.
The jackal barely misses you. x2
You hit the jackal. You freeze the jackal.
You kill the jackal!
Found 11 gold pieces.
Found a scroll labeled BUCSAPIDEIL.
Found a stone staircase leading up.
You now have 132 gold pieces (gained 11).
A gnoll comes into view.
The gnoll shouts!
A gnoll comes into view. It is wielding a spear.
A gnoll comes into view. It is wielding a spear.
The gnoll shouts!
The gnoll hits you.
You see here a scroll labeled BUCSAPIDEIL.
Casting: Ensorcelled Hibernation
Confirm with . or Enter, or press ? or * to list all spells.
Aiming: Ensorcelled Hibernation
Press: ? - help, Shift-Dir - straight line, f - gnoll
Aim: a gnoll (chance to defeat MR: 56%)
The gnoll resists with significant effort.
The gnoll shouts!
The gnoll barely misses you.
Casting: Ensorcelled Hibernation
Confirm with . or Enter, or press ? or * to list all spells.
Aiming: Ensorcelled Hibernation
Press: ? - help, Shift-Dir - straight line, f/p - gnoll
Aim: a gnoll (chance to defeat MR: 56%)
The gnoll resists with significant effort.
The gnoll hits you from afar with a spear!
The gnoll completely misses you.
Casting: Ensorcelled Hibernation
Confirm with . or Enter, or press ? or * to list all spells.
Aiming: Ensorcelled Hibernation
Press: ? - help, Shift-Dir - straight line, f/p - gnoll
Aim: a gnoll (chance to defeat MR: 56%)
The gnoll resists with significant effort.
The gnoll barely misses you. The gnoll completely misses you.
The gnoll closely misses you.
n - 2 scrolls labeled BUCSAPIDEIL (gained 1)
The gnoll completely misses you. The gnoll misses you. The gnoll hits you.
You die...

You could see 3 gnolls.

Vanquished Creatures
  A scorpion (D:4)
  An orc wizard (D:4)
  2 adders (D:3)
  A worm (D:2)
  A dart slug (D:2)
  2 giant geckos
  2 orcs
  3 ball pythons
  A goblin (D:2)
  3 hobgoblins (D:2)
  3 jackals (D:4)
  4 bats
  5 kobolds
  7 rats
36 creatures vanquished.

Action                   |  1- 3 |  4- 6 || total
-------------------------+-------+-------++-------
Melee: Short sword       |    40 |    16 ||    56
 Cast: Corona            |     3 |       ||     3
       Ensorcelled Hiber |    13 |    12 ||    25
 Stab: Sleeping          |    20 |     6 ||    26
       Paralysed         |       |     1 ||     1
Armor: Robe              |     9 |     3 ||    12
Dodge: Dodged            |    14 |    21 ||    35

Vault maps used:
D:1:      sevenhm_arrival_forest_fort_small_3
D:2:      uniq_natasha
D:3:      st_stairs_6, item_on_display_a
D:4:      lemuel_upstairs_altar, minmay_curled_crystal,
          nicolae_ru_great_annihilating_truth
